[Event "Titled Tuesday Blitz June 6 Late 2023"]
[White "Indjic, Aleksandar"]
[Black "Skatchkov, Pavel"]
[WhiteFideId "911925"]
[BlackFideId "4121848"]
[WhiteElo "2614"]
[BlackElo "2476"]
[Result "1-0"]
[Round "4"]
[TimeControl "180+2"]
[Date "2023.06.07"]
[WhiteClock "0:01:10"]
[BlackClock "0:00:11"]
[Board "24"]

1. d4 Nf6 2. c4 e6 3. Nc3 d5 4. Nf3 c5 5. e3 dxc4 6. Bxc4 a6 7. a4 Nc6 8. O-O Be7 9. Qe2 O-O 10. Rd1 cxd4 11. exd4 Qc7 12. Bg5 h6 13. Bh4 Rd8 14. Rac1 Qa5 15. Ba2 Nb4 16. Bb1 Bd7 17. b3 Bc6 18. Ne5 Rac8 19. Nc4 Qc7 20. Bg3 Qd7 21. Nb6 Qe8 22. Nxc8 Rxc8 23. Ne4 Nfd5 24. Nd6 Bxd6 25. Bxd6 Qd8 26. Bg3 Qf6 27. Qd2 Rd8 28. Be4 a5 29. f3 Ne7 30. Bc7 Rd7 31. Bxa5 Bxe4 32. fxe4 Nbc6 33. Bc3 Qh4 34. Qe3 Ng6 35. d5 exd5 36. exd5 Re7 37. Qg3 Qxg3 38. hxg3 Nce5 39. d6 Rd7 40. Bxe5 Nxe5 41. Rc8+ Kh7 42. Rc7 Rd8 43. Rxb7 Kg6 44. d7 Kf6 45. a5 Ke6 46. a6 Nxd7 47. Rdxd7 Rxd7 1-0


[Site "https://www.chess.com"]

[Event "Titled Tuesday Blitz June 6 Late 2023"]
[White "Gadimbayli, Abdulla"]
[Black "Kuzhilniy, Oleksandr"]
[WhiteFideId "13404938"]
[BlackFideId "34110500"]
[WhiteElo "2386"]
[BlackElo "2074"]
[Result "0-1"]
[Round "4"]
[TimeControl "180+2"]
[Date "2023.06.07"]
[WhiteClock "0:00:06"]
[BlackClock "0:00:38"]
[Board "25"]

1. Nf3 Nf6 2. b3 g6 3. Bb2 Bg7 4. e4 d6 5. d3 O-O 6. Nbd2 e5 7. Be2 c6 8. O-O Nbd7 9. Nc4 Nc5 10. Re1 Be6 11. Ne3 Ng4 12. Nxg4 Bxg4 13. h3 Bxf3 14. Bxf3 Ne6 15. g3 f5 16. exf5 gxf5 17. Qd2 Qf6 18. Qb4 Rf7 19. Bh5 Rd7 20. Bf3 Kh8 21. Rad1 Rg8 22. Ba1 Qh6 23. Bg2 f4 24. Kh2 Bf6 25. Rg1 Rdg7 26. Bf1 Bh4 27. g4 Bxf2 28. Rg2 Bc5 29. Qd2 Ng5 30. Rf2 Qh4 31. d4 Ne4 32. Qe2 Qg3+ 0-1


[Site "https://www.chess.com"]

[Event "Titled Tuesday Blitz June 6 Late 2023"]
[White "Manukyan, Sargis A."]
[Black "Papasimakopoulos, Alexandros"]
[WhiteFideId "13303970"]
[BlackFideId "4244125"]
[WhiteElo "2187"]
[BlackElo "2359"]
[Result "1-0"]
[Round "4"]
[TimeControl "180+2"]
[Date "2023.06.07"]
[WhiteClock "0:00:18"]
[BlackClock "0:00:17"]
[Board "26"]

1. d4 Nf6 2. c4 e6 3. Nc3 Bb4 4. a3 Bxc3+ 5. bxc3 O-O 6. e3 d6 7. Bd3 e5 8. Ne2 c5 9. Ng3 Nc6 10. d5 Na5 11. O-O b6 12. f4 e4 13. Nxe4 Nxe4 14. Bxe4 Ba6 15. Bd3 Bxc4 16. e4 Bxd3 17. Qxd3 c4 18. Qg3 Nb3 19. Ra2 f6 20. Re2 Nc5 21. f5 Qe7 22. Bf4 Rfd8 23. Qf3 Nd3 24. Be3 b5 25. Bd4 a5 26. g4 Rab8 27. h4 h6 28. g5 hxg5 29. hxg5 Ne5 30. Qh5 fxg5 31. Rh2 Qf6 32. Kh1 b4 33. axb4 axb4 34. cxb4 Rxb4 35. Rg1 c3 36. Bxc3 Rxe4 37. Rxg5 Rc4 38. Rg6 Nxg6 39. Qh7+ Kf8 40. Bxf6 Rc1+ 41. Kg2 Nf4+ 42. Kf3 Rf1+ 43. Kg3 gxf6 44. Qh8+ Ke7 45. Rh7# 1-0


[Site "https://www.chess.com"]

[Event "Titled Tuesday Blitz June 6 Late 2023"]
[White "Safin, Robert"]
[Black "Sieciechowicz, Marcin"]
[WhiteFideId "34189120"]
[BlackFideId "1130170"]
[WhiteElo "2341"]
[BlackElo "2301"]
[Result "0-1"]
[Round "4"]
[TimeControl "180+2"]
[Date "2023.06.07"]
[WhiteClock "0:00:02"]
[BlackClock "0:00:08"]
[Board "27"]

1. e4 c5 2. c3 Nf6 3. e5 Nd5 4. Nf3 d6 5. exd6 e6 6. d4 cxd4 7. Nxd4 Bxd6 8. Bd3 O-O 9. O-O Nc6 10. Nxc6 bxc6 11. Nd2 e5 12. Nc4 Bc7 13. Re1 f6 14. Qc2 h6 15. Be3 Re8 16. Rad1 Qe7 17. b4 Be6 18. Bc5 Qd7 19. Ne3 Bb6 20. c4 Nxe3 21. Bxe3 Qb7 22. c5 Bc7 23. a3 a5 24. Qd2 axb4 25. axb4 Ra2 26. Qc1 Raa8 27. Bxh6 Qxb4 28. Re3 Re7 29. Rf3 Rd8 30. h4 e4 31. Bxe4 Rxd1+ 32. Qxd1 Qxe4 33. Re3 Qxh4 0-1


[Site "https://www.chess.com"]

[Event "Titled Tuesday Blitz June 6 Late 2023"]
[White "Sanchez, Robert"]
[Black "Gritsenko, Nikolai"]
[WhiteFideId "2034360"]
[BlackFideId "14112493"]
[WhiteElo "1885"]
[BlackElo "2389"]
[Result "1/2-1/2"]
[Round "4"]
[TimeControl "180+2"]
[Date "2023.06.07"]
[WhiteClock "0:00:07"]
[BlackClock "0:00:02"]
[Board "28"]

1. Nf3 c5 2. e4 Nf6 3. Nc3 Nc6 4. d4 d5 5. exd5 Nxd5 6. Bc4 Nb6 7. Bb5 cxd4 8. Nxd4 Bd7 9. Be3 e5 10. Bxc6 bxc6 11. Nf3 Qc7 12. O-O Be7 13. Bg5 f6 14. Be3 O-O 15. Bxb6 axb6 16. Qd3 Be6 17. Rfe1 Rfe8 18. Qe4 Bc5 19. Rad1 b5 20. a3 Qb6 21. Re2 Rad8 22. b4 Rxd1+ 23. Nxd1 Bf8 24. Ne3 Ra8 25. Qd3 Rd8 26. Qc3 c5 27. h3 cxb4 28. axb4 Rd4 29. Nxd4 exd4 30. Qd3 dxe3 31. Rxe3 Bxb4 32. Qe4 Bc4 33. Qe8+ Bf8 34. Qd7 Qd6 35. Qb7 Qd1+ 36. Kh2 Bd6+ 37. g3 Bf8 38. Re8 Qxc2 39. Qb6 Qg6 40. Rd8 Qf7 41. Qc5 g6 42. Rc8 h5 43. Qc6 h4 44. Rc7 Be7 45. Qa8+ Kg7 46. Qe4 hxg3+ 47. fxg3 Kf8 48. Rc8+ Kg7 49. Rc7 Kf8 50. Rc8+ Kg7 51. Rc7 1/2-1/2


[Site "https://www.chess.com"]

[Event "Titled Tuesday Blitz June 6 Late 2023"]
[White "Becerra, Juan David"]
[Black "Nakamura, Hikaru"]
[WhiteFideId "4404998"]
[BlackFideId "2016192"]
[WhiteElo "2304"]
[BlackElo "2874"]
[Result "0-1"]
[Round "4"]
[TimeControl "180+2"]
[Date "2023.06.07"]
[WhiteClock "0:00:09"]
[BlackClock "0:01:25"]
[Board "29"]

1. e4 g6 2. d4 Bg7 3. Nc3 a6 4. Bf4 b5 5. Qd2 Bb7 6. a3 d6 7. h4 h6 8. f3 Nd7 9. O-O-O c5 10. Nge2 Rc8 11. dxc5 Nxc5 12. Be3 Qc7 13. Nd4 h5 14. Kb1 Nf6 15. Be2 Ncd7 16. Bg5 Nb6 17. Rhe1 Nfd7 18. f4 Nc5 19. Qe3 O-O 20. f5 e5 21. Nf3 Nxe4 22. Nxe4 Qxc2+ 23. Ka1 Na4 24. Rd2 Qxe4 25. Qxe4 Bxe4 26. fxg6 Bxg6 27. Be7 e4 28. Nd4 e3 29. Rdd1 Rfe8 30. Bg5 Re4 0-1


[Site "https://www.chess.com"]

[Event "Titled Tuesday Blitz June 6 Late 2023"]
[White "Andreikin, Dmitry"]
[Black "Cilek, Bora"]
[WhiteFideId "4158814"]
[BlackFideId "34502165"]
[WhiteElo "2736"]
[BlackElo "2108"]
[Result "1-0"]
[Round "4"]
[TimeControl "180+2"]
[Date "2023.06.07"]
[WhiteClock "0:00:43"]
[BlackClock "0:00:24"]
[Board "30"]

1. d4 Nf6 2. c4 e6 3. Nf3 d5 4. Nc3 Be7 5. Bf4 O-O 6. e3 Nbd7 7. c5 c6 8. h3 b6 9. b4 a5 10. a3 Ba6 11. Bxa6 Rxa6 12. O-O Qa8 13. Nd2 Qb7 14. Rb1 Rfa8 15. Qc2 h6 16. b5 cxb5 17. Nxb5 Rc8 18. Rfc1 Qc6 19. Bd6 Bd8 20. Qd3 bxc5 21. dxc5 Ne8 22. Nf3 Qa8 23. Nfd4 e5 24. Nf5 e4 25. Qe2 Bf6 26. Nxh6+ Kh7 27. Nxf7 Rac6 28. Nd4 Bxd4 29. exd4 Ndf6 30. Be5 Kg6 31. Nh8+ Kh7 32. Nf7 Kg6 33. Nd6 Nxd6 34. Bxd6 a4 35. Be5 Qa5 36. Rb7 Qa6 37. Qxa6 Rxa6 38. Rc3 e3 39. Rxe3 Ne4 40. Rxg7+ Kf5 41. Rf3+ Ke6 42. Rg6+ 1-0


[Site "https://www.chess.com"]

[Event "Titled Tuesday Blitz June 6 Late 2023"]
[White "Mendez Fortes, Eduardo Jesus"]
[Black "Durarbayli, Vasif"]
[WhiteFideId "3502376"]
[BlackFideId "13402935"]
[WhiteElo "2307"]
[BlackElo "2551"]
[Result "0-1"]
[Round "4"]
[TimeControl "180+2"]
[Date "2023.06.07"]
[WhiteClock "0:00:02"]
[BlackClock "0:00:05"]
[Board "31"]

1. e4 c5 2. Nf3 d6 3. d4 cxd4 4. Nxd4 Nf6 5. Nc3 Nc6 6. Bg5 Qb6 7. Nb3 e6 8. Qd2 a6 9. O-O-O Be7 10. f4 O-O 11. h4 Rd8 12. Be2 h6 13. f5 hxg5 14. hxg5 Nh7 15. f6 gxf6 16. Qf4 fxg5 17. Qh2 Kf8 18. Qxh7 Ke8 19. Qg8+ Kd7 20. Qxf7 Qe3+ 21. Kb1 Qf4 22. Qh5 Kc7 23. Bg4 Bd7 24. Rhf1 Qe5 25. Qh3 Rh8 26. Qe3 Raf8 27. Rfe1 Qf4 28. Qe2 Ne5 29. Bh5 g4 30. Bxg4 Qxg4 31. Qe3 Qf4 32. Qa7 Qf2 33. Nd4 Rf6 34. Re3 Nc4 35. Red3 Nb6 36. a4 Ra8 37. Nxe6+ Bxe6 38. Nb5+ axb5 39. Rc3+ Bc4 40. Rxc4+ bxc4 0-1


[Site "https://www.chess.com"]

[Event "Titled Tuesday Blitz June 6 Late 2023"]
[White "Makaraci, Tunahan"]
[Black "Xiong, Jeffery"]
[WhiteFideId "6356559"]
[BlackFideId "2047640"]
[WhiteElo "2160"]
[BlackElo "2726"]
[Result "0-1"]
[Round "4"]
[TimeControl "180+2"]
[Date "2023.06.07"]
[WhiteClock "0:02:28"]
[BlackClock "0:02:26"]
[Board "32"]

1. e4 c5 2. c3 e6 3. Nf3 Nc6 4. d4 cxd4 5. cxd4 d5 6. exd5 exd5 7. Bb5 Bd6 8. O-O Ne7 9. Nc3 O-O 10. Re1 h6 11. h3 Be6 12. a3 Rc8 13. Be3 a6 14. Bd3 Na5 15. Ne5 Bxe5 16. dxe5 d4 17. Bxd4 Nb3 18. Be3 Nxa1 0-1


[Site "https://www.chess.com"]

[Event "Titled Tuesday Blitz June 6 Late 2023"]
[White "Wadsworth, Matthew J"]
[Black "Zhigalko, Sergei"]
[WhiteFideId "415804"]
[BlackFideId "13502956"]
[WhiteElo "2347"]
[BlackElo "2626"]
[Result "1/2-1/2"]
[Round "4"]
[TimeControl "180+2"]
[Date "2023.06.07"]
[WhiteClock "0:00:02"]
[BlackClock "0:00:06"]
[Board "33"]

1. c4 e5 2. g3 Nf6 3. Bg2 c6 4. Nf3 d6 5. Nc3 Be7 6. O-O O-O 7. d3 h6 8. Rb1 Be6 9. b4 Nbd7 10. b5 d5 11. bxc6 bxc6 12. d4 e4 13. Ne5 Nxe5 14. dxe5 Ng4 15. cxd5 cxd5 16. Bb2 Rb8 17. h3 Nxe5 18. Nxd5 Nc4 19. Nxe7+ Qxe7 20. Bc3 e3 21. Rxb8 exf2+ 22. Rxf2 Rxb8 23. Qd4 f6 24. Bd5 Nb6 25. Bb3 Bxb3 26. axb3 Rd8 27. Qg4 Nd5 28. Bd4 Kh8 29. e4 Nb4 30. Be3 Re8 31. Bxh6 gxh6 32. Qg6 Nd3 33. Rxf6 Ne5 34. Qxh6+ Qh7 35. Rf8+ Rxf8 36. Qxf8+ Qg8 37. Qh6+ Qh7 38. Qf8+ Qg8 39. Qh6+ Qh7 40. Qf8+ 1/2-1/2


[Site "https://www.chess.com"]

[Event "Titled Tuesday Blitz June 6 Late 2023"]
[White "Aldokhin, Ivan"]
[Black "Terry, Renato"]
[WhiteFideId "24115720"]
[BlackFideId "3803457"]
[WhiteElo "2322"]
[BlackElo "2575"]
[Result "0-1"]
[Round "4"]
[TimeControl "180+2"]
[Date "2023.06.07"]
[WhiteClock "0:00:03"]
[BlackClock "0:00:39"]
[Board "34"]

1. e4 e6 2. d4 d5 3. exd5 exd5 4. Nf3 Nc6 5. Bd3 Nb4 6. Be2 Bf5 7. Na3 Nc6 8. O-O Nf6 9. c4 Bxa3 10. bxa3 O-O 11. Bg5 h6 12. Bh4 g5 13. Bg3 Re8 14. Ne5 Nxe5 15. Bxe5 Nd7 16. Bg3 dxc4 17. Bxc4 Nb6 18. Bb3 Be6 19. Qh5 Bxb3 20. axb3 Kg7 21. f4 Qxd4+ 22. Kh1 g4 23. Qxg4+ Kf8 24. Qh5 Qg7 25. f5 Nd5 26. Rae1 Rxe1 27. Rxe1 Re8 28. Rf1 c6 29. Qf3 Re3 30. Qf2 Qg4 31. f6 b6 32. Bd6+ Kg8 33. h3 Qe4 34. Bh2 Kh7 35. Rg1 Rxh3 36. Rf1 Re3 37. Kg1 Re2 38. Qg3 Qe3+ 39. Qxe3 Nxe3 40. Rf3 Rxg2+ 41. Kh1 Re2 42. Rf4 Nd5 43. Rc4 Re6 44. b4 Nxf6 45. Kg2 Nd5 46. Kf3 Rf6+ 47. Ke4 Kg6 48. Be5 Re6 49. Rc2 Nf6+ 50. Kd4 Ng4 51. Rg2 h5 52. Bb8 Re7 53. Kc4 Kf5 54. a4 Ne3+ 55. Kb3 Nxg2 0-1


[Site "https://www.chess.com"]

[Event "Titled Tuesday Blitz June 6 Late 2023"]
[White "OPQRC"]
[Black "Licznerski, Lukasz"]
[BlackFideId "1179250"]
[WhiteElo "2579"]
[BlackElo "2453"]
[Result "0-1"]
[Round "4"]
[TimeControl "180+2"]
[Date "2023.06.07"]
[WhiteClock "0:00:01"]
[BlackClock "0:00:04"]
[Board "35"]

1. e4 c6 2. d4 d5 3. exd5 cxd5 4. Bf4 Nf6 5. c3 Nc6 6. Nd2 Bf5 7. Qb3 Qc8 8. Ngf3 e6 9. Nh4 Bg4 10. h3 Bh5 11. g4 Bg6 12. Nxg6 hxg6 13. Be2 Qd7 14. O-O-O a6 15. Kb1 Na5 16. Qc2 Bd6 17. Be3 b5 18. h4 Qc6 19. h5 gxh5 20. gxh5 O-O-O 21. Bg5 Rdg8 22. h6 Nd7 23. h7 Re8 24. Bd3 Nf8 25. Rdg1 g6 26. b4 Nc4 27. Bxc4 bxc4 28. Nf3 Rxh7 29. Bf6 Rxh1 30. Rxh1 Nd7 31. Bg5 e5 32. Rh7 e4 33. Nd2 f6 34. Bh4 g5 35. Bg3 Bxg3 36. fxg3 e3 37. Nf3 e2 38. Ne1 Qe6 39. a4 Qe4 40. a5 f5 41. Rh2 f4 42. gxf4 gxf4 43. Rf2 Nf6 44. Qxe4 Rxe4 45. Kc2 Ng4 46. Rg2 Ne3+ 0-1


[Site "https://www.chess.com"]

[Event "Titled Tuesday Blitz June 6 Late 2023"]
[White "Moroni, Luca Jr"]
[Black "Shohat, Yotam"]
[WhiteFideId "865834"]
[BlackFideId "2813955"]
[WhiteElo "2569"]
[BlackElo "2226"]
[Result "1-0"]
[Round "4"]
[TimeControl "180+2"]
[Date "2023.06.07"]
[WhiteClock "0:01:08"]
[BlackClock "0:00:42"]
[Board "36"]

1. d4 Nf6 2. Bf4 e6 3. e3 d5 4. Nf3 c5 5. Nbd2 Bd6 6. dxc5 Bxc5 7. Bd3 Nc6 8. O-O O-O 9. e4 dxe4 10. Nxe4 Be7 11. c3 b6 12. Qe2 Bb7 13. Rad1 Qc8 14. Nxf6+ Bxf6 15. Ng5 g6 16. Ne4 Bg7 17. Nd6 Qd7 18. Be4 Qe7 19. Nxb7 Qxb7 20. Qf3 Rac8 21. Rd6 e5 22. Be3 f5 23. Bxc6 Qc7 24. Qd5+ Kh8 25. Rd1 Bf6 26. Bh6 Rfe8 27. Bxe8 1-0


[Site "https://www.chess.com"]

[Event "Titled Tuesday Blitz June 6 Late 2023"]
[White "Chigaev, Maksim"]
[Black "Fiorito, Francisco"]
[WhiteFideId "4108116"]
[BlackFideId "180165"]
[WhiteElo "2561"]
[BlackElo "2319"]
[Result "1-0"]
[Round "4"]
[TimeControl "180+2"]
[Date "2023.06.07"]
[WhiteClock "0:01:03"]
[BlackClock "0:00:04"]
[Board "37"]

1. d4 Nf6 2. c4 c5 3. d5 d6 4. Nc3 e5 5. e4 a6 6. a4 g6 7. Be2 Bg7 8. Be3 Nbd7 9. g4 h6 10. h4 Ng8 11. Qd2 Ne7 12. Nh3 Nf6 13. f3 Nd7 14. Nf2 b6 15. Kd1 Nf8 16. g5 hxg5 17. hxg5 Rxh1+ 18. Nxh1 Bd7 19. Kc2 Qc7 20. Nf2 a5 21. Nd3 O-O-O 22. Rh1 Kb8 23. b3 Nc8 24. f4 exf4 25. Bxf4 Re8 26. Bf3 f6 27. gxf6 Bxf6 28. Re1 Nh7 29. e5 dxe5 30. d6 Qxd6 31. Ne4 Qd4 32. Be3 Bh4 33. Rh1 Bg5 34. Nxg5 Nxg5 35. Bxd4 Nxf3 36. Bxe5+ Rxe5 37. Qf4 Ne7 38. Nxe5 Bf5+ 39. Kb2 Nd4 40. Nc6+ Kb7 41. Nxd4 cxd4 42. Rh7 Ka6 43. Rxe7 1-0


[Site "https://www.chess.com"]

[Event "Titled Tuesday Blitz June 6 Late 2023"]
[White "Chos, Alexey"]
[Black "Rustemov, Alexander"]
[WhiteFideId "14117762"]
[BlackFideId "4119002"]
[WhiteElo "2234"]
[BlackElo "2850"]
[Result "0-1"]
[Round "4"]
[TimeControl "180+2"]
[Date "2023.06.07"]
[WhiteClock "0:00:15"]
[BlackClock "0:00:10"]
[Board "38"]

1. Nf3 d5 2. b3 Nf6 3. Bb2 Bf5 4. e3 h6 5. Be2 e6 6. O-O Be7 7. d4 O-O 8. c4 c6 9. Nc3 Nbd7 10. Bd3 Ne4 11. Bxe4 Bxe4 12. Nxe4 dxe4 13. Nd2 f5 14. f3 exf3 15. Qxf3 Bb4 16. Rad1 Bxd2 17. Rxd2 Nf6 18. d5 Ne4 19. Rdd1 exd5 20. cxd5 cxd5 21. Qf4 Qd7 22. Qe5 Rad8 23. Rd3 Rf6 24. Rfd1 Rd6 25. Ba3 Re6 26. Qxf5 Nf6 27. Bb2 Rd6 28. Qxd7 R6xd7 29. Bxf6 gxf6 30. Rd4 Kf7 31. Rc1 Ke6 32. b4 Rd6 33. b5 f5 34. a4 a6 35. Rc7 R6d7 36. Rc5 axb5 37. axb5 b6 38. Rc6+ Rd6 39. Rc7 Ke5 40. Kf2 Ra8 41. Kf3 Ra5 42. Rb4 Ra2 43. Rg7 Rc2 44. Rh4 Rf6 45. Rh7 Rb2 46. R7xh6 Rxb5 47. Rh8 Rb1 48. Rd8 b5 49. Rhh8 Re6 50. Rb8 d4 51. Rhe8 d3 52. Rxe6+ Kxe6 53. Rd8 Rf1+ 54. Kg3 Rd1 55. h4 b4 56. h5 Kf6 57. Kf2 b3 58. Rb8 Rd2+ 59. Ke1 Re2+ 60. Kd1 b2 61. h6 Kg6 62. Rb6+ Kh7 63. e4 fxe4 64. g4 Rg2 65. g5 Rxg5 66. Kd2 Rg2+ 67. Ke3 Re2+ 68. Kf4 d2 69. Kg5 Rg2+ 70. Kf6 d1=Q 71. Rb7+ Kxh6 0-1


[Site "https://www.chess.com"]

[Event "Titled Tuesday Blitz June 6 Late 2023"]
[White "Mortazavi, Ali"]
[Black "Fernandez Guillen, Ernesto J."]
[WhiteFideId "401323"]
[BlackFideId "3512428"]
[WhiteElo "2339"]
[BlackElo "2434"]
[Result "0-1"]
[Round "4"]
[TimeControl "180+2"]
[Date "2023.06.07"]
[WhiteClock "0:00:04"]
[BlackClock "0:00:05"]
[Board "39"]

1. Nf3 Nf6 2. g3 g6 3. Bg2 Bg7 4. O-O O-O 5. d3 d5 6. Nbd2 c5 7. e3 Nc6 8. e4 e5 9. c3 Re8 10. Qa4 Qc7 11. b4 cxb4 12. cxb4 b5 13. Qb3 Be6 14. Ng5 Nd4 15. Qb1 Rac8 16. Nxe6 fxe6 17. Nb3 Nc2 18. Nc5 Nxb4 19. Qxb4 Qxc5 20. Qb3 a6 21. Bg5 dxe4 22. Bxf6 Bxf6 23. Bxe4 Qd4 24. Rac1 Kf7 25. Kg2 h5 26. h4 b4 27. Qa4 Rxc1 28. Rxc1 Re7 29. Qxa6 g5 30. hxg5 Bxg5 31. Rh1 h4 32. Qc8 Re8 33. Bg6+ Kxg6 34. Qxe8+ Kf6 35. Qf8+ Kg6 36. Qf3 Kg7 37. gxh4 Bf4 38. Qg4+ Kf6 39. Qf3 Qd8 40. h5 Qg8+ 41. Kf1 Qh7 42. Qe4 Qh6 43. Ke2 Ke7 44. Qg6 Qf8 45. Rg1 Qa8 46. Qg7+ Kd6 47. Qg8 Qxa2+ 48. Kf3 Qd5+ 49. Kg4 Ke7 50. Qg7+ Kd6 51. Qf8+ Kd7 52. Qf7+ Kd6 53. Ra1 Qg2+ 54. Kh4 Bg5# 0-1


[Site "https://www.chess.com"]

[Event "Titled Tuesday Blitz June 6 Late 2023"]
[White "Streltsov, Alexey"]
[Black "Pakleza, Zbigniew"]
[WhiteFideId "24104434"]
[BlackFideId "1119290"]
[WhiteElo "2566"]
[BlackElo "2410"]
[Result "0-1"]
[Round "4"]
[TimeControl "180+2"]
[Date "2023.06.07"]
[WhiteClock "0:00:07"]
[BlackClock "0:00:17"]
[Board "40"]

1. d4 d6 2. e4 Nf6 3. Nc3 c6 4. Nf3 Bg4 5. h3 Bh5 6. Be2 e6 7. Bf4 d5 8. exd5 cxd5 9. Nb5 Na6 10. c3 Be7 11. Ne5 Bxe2 12. Qxe2 O-O 13. O-O Ne4 14. Nd3 Nd6 15. Nxd6 Bxd6 16. Rae1 Bxf4 17. Nxf4 Nb8 18. Qg4 Nc6 19. Nh5 g6 20. Re3 Kh8 21. Nf4 b5 22. Nd3 a5 23. a3 b4 24. axb4 axb4 25. cxb4 Rb8 26. Rf3 f5 27. Qf4 Qf6 28. Ne5 Nxe5 29. dxe5 Qe7 30. Rb3 Rfc8 31. Rd1 g5 32. Qd2 Kg7 33. Ra1 Rc6 34. b5 Rcb6 35. Ra5 Kg6 36. g3 Qc5 37. h4 h6 38. hxg5 hxg5 39. Qd3 Qc1+ 40. Kg2 Rh8 41. Kf3 Rh1 42. Rc3 g4+ 43. Ke2 Re1# 0-1


[Site "https://www.chess.com"]

[Event "Titled Tuesday Blitz June 6 Late 2023"]
[White "Oro, Faustino"]
[Black "Moral Garcia, Serafin"]
[WhiteFideId "20000197"]
[BlackFideId "2201925"]
[WhiteElo "1984"]
[BlackElo "2274"]
[Result "1-0"]
[Round "4"]
[TimeControl "180+2"]
[Date "2023.06.07"]
[WhiteClock "0:00:08"]
[BlackClock "0:00:15"]
[Board "41"]

1. e4 e5 2. Nf3 Nc6 3. Bb5 a6 4. Ba4 Nf6 5. O-O Be7 6. Re1 b5 7. Bb3 d6 8. c3 O-O 9. h3 Na5 10. Bc2 c5 11. d4 Nd7 12. Nbd2 exd4 13. cxd4 Nc6 14. Nf1 cxd4 15. Nxd4 Nxd4 16. Qxd4 Ne5 17. Qd1 Be6 18. Ne3 Rc8 19. Bb3 Bf6 20. Bd5 Qb6 21. Qb3 Rfe8 22. Bd2 a5 23. a4 b4 24. Rac1 Rc5 25. Rxc5 dxc5 26. Rc1 Ng6 27. Qc2 Bd4 28. Nc4 Qc7 29. Bxe6 Rxe6 30. Be3 Nf4 31. Qd2 Rxe4 32. Re1 Bxe3 33. Nxe3 g6 34. Qc2 Qc6 35. Rd1 Re8 36. Kh2 Ne6 37. Qc4 Qc7+ 38. Kh1 Rd8 39. Rc1 Rd4 40. Qb5 Rd2 41. Nc4 Rxf2 42. Qxa5 Qg3 43. Qa8+ Kg7 44. Qe4 Nf4 45. Ne3 Re2 46. Qe5+ f6 47. Qe7+ Kh6 48. Ng4+ Kh5 49. Qxh7+ Kg5 50. Qh6+ Kf5 51. Rxc5+ Re5 52. Rxe5+ fxe5 53. Qf8+ Ke4 54. Qxb4+ Kf5 55. Qd2 Qd3 56. Qxd3+ Nxd3 57. a5 Nc5 58. b4 Nd7 59. b5 e4 60. a6 Nb6 61. Ne3+ Kf4 62. Nc2 e3 63. Kg1 Ke4 64. Kf1 Kd3 65. Ne1+ Kd2 66. Nf3+ Kd1 67. g4 Nc4 68. Kg2 Nd2 69. a7 e2 70. a8=Q Nxf3 71. Qxf3 1-0


[Site "https://www.chess.com"]

[Event "Titled Tuesday Blitz June 6 Late 2023"]
[White "Sokolovsky, Yahli"]
[Black "Riff, Jean-Noel"]
[WhiteFideId "2820242"]
[BlackFideId "611190"]
[WhiteElo "2389"]
[BlackElo "2479"]
[Result "1-0"]
[Round "4"]
[TimeControl "180+2"]
[Date "2023.06.07"]
[WhiteClock "0:01:56"]
[BlackClock "0:01:49"]
[Board "42"]

1. b3 Nf6 2. Bb2 g6 3. g3 Bg7 4. Bg2 O-O 5. Nf3 d6 6. d4 Nbd7 7. O-O e5 8. dxe5 Ng4 9. c4 Ngxe5 10. Nxe5 Nxe5 11. Nc3 Nc6 12. Qd2 Bg4 13. Nd5 Re8 14. Bxg7 Kxg7 15. Qb2+ f6 16. e4 Be6 17. f4 Bxd5 18. exd5 Ne7 19. Bh3 Nf5 20. Bxf5 gxf5 21. Rae1 Re4 22. Rxe4 fxe4 23. f5 Qe7 24. Kf2 e3+ 25. Ke2 Qe4 26. Rf3 Re8 27. Qc1 Re6 28. fxe6 1-0


[Site "https://www.chess.com"]

[Event "Titled Tuesday Blitz June 6 Late 2023"]
[White "Somalianwarrior2006"]
[Black "Keleberda, Tymur"]
[BlackFideId "14174294"]
[WhiteElo "2750"]
[BlackElo "2198"]
[Result "1-0"]
[Round "4"]
[TimeControl "180+2"]
[Date "2023.06.07"]
[WhiteClock "0:00:45"]
[BlackClock "0:00:16"]
[Board "43"]

1. c4 Nf6 2. g3 e5 3. Nc3 c6 4. d4 e4 5. d5 Bb4 6. Bd2 Qb6 7. Nh3 Ng4 8. Nxe4 O-O 9. Bg2 f5 10. Nc3 f4 11. gxf4 d6 12. O-O Nd7 13. e3 Nc5 14. a3 Bxc3 15. Bxc3 Bf5 16. b4 Na6 17. dxc6 bxc6 18. Qxd6 Rad8 19. Qxc6 Qxc6 20. Bxc6 Nxe3 21. fxe3 Bxh3 22. Rfd1 Nc7 23. Be5 Ne6 24. c5 g5 25. Bd5 gxf4 26. exf4 Kf7 27. c6 Rg8+ 28. Kf2 Rxd5 29. Rxd5 Rg2+ 30. Ke3 Rc2 31. b5 Kg6 32. Rg1+ Kf5 33. Bd4# 1-0


[Site "https://www.chess.com"]

[Event "Titled Tuesday Blitz June 6 Late 2023"]
[White "Roberson, Peter T"]
[Black "Prohaszka, Peter"]
[WhiteFideId "412384"]
[BlackFideId "726265"]
[WhiteElo "2346"]
[BlackElo "2626"]
[Result "0-1"]
[Round "4"]
[TimeControl "180+2"]
[Date "2023.06.07"]
[WhiteClock "0:00:02"]
[BlackClock "0:00:07"]
[Board "44"]

1. e4 c6 2. c3 d5 3. e5 d4 4. Nf3 Bg4 5. Bc4 e6 6. O-O Ne7 7. h3 Bxf3 8. Qxf3 Ng6 9. Re1 Bc5 10. d3 Nd7 11. Qg3 Qc7 12. h4 Ngxe5 13. Bf4 Bd6 14. Bb3 O-O-O 15. cxd4 Nc4 16. dxc4 Bxf4 17. Qxg7 Rdf8 18. Nc3 Rhg8 19. Qxh7 Rh8 20. Qd3 Rxh4 21. g3 Rg8 22. Ne2 Bd6 23. Kg2 Rh6 24. Rh1 Rxh1 25. Rxh1 Nf6 26. c5 Be7 27. Rh6 Nd5 28. Rh7 Bf6 29. Qf3 Qe7 30. Nf4 Nxf4+ 31. Qxf4 Rh8 32. Rxh8+ Bxh8 33. Bd1 Qd7 34. Bh5 f5 35. Qh6 Bxd4 36. b4 Kc7 37. a3 a5 38. Be2 axb4 39. axb4 Bc3 40. Bc4 Bxb4 41. Bxe6 Qe7 42. Bxf5 Bxc5 43. g4 Qe5 44. Qh7+ Kb6 45. g5 Qd4 46. g6 Qxf2+ 47. Kh3 Qxf5+ 48. Kg2 Qg4+ 49. Kh2 Bd6+ 50. Kh1 Qf3+ 51. Kg1 Bc5+ 52. Kh2 Bd6+ 53. Kg1 Bg3 54. g7 Qf2+ 55. Kh1 Qf1# 0-1


[Site "https://www.chess.com"]

[Event "Titled Tuesday Blitz June 6 Late 2023"]
[White "Kushko, Dmitriy"]
[Black "Ozates, Tuna"]
[WhiteFideId "14162261"]
[BlackFideId "6354521"]
[WhiteElo "2230"]
[BlackElo "2151"]
[Result "1-0"]
[Round "4"]
[TimeControl "180+2"]
[Date "2023.06.07"]
[WhiteClock "0:01:18"]
[BlackClock "0:00:06"]
[Board "45"]

1. Nf3 c5 2. g3 Nc6 3. Bg2 g6 4. c4 Bg7 5. Nc3 d6 6. a3 e5 7. b4 cxb4 8. axb4 Nge7 9. b5 Nd4 10. Ba3 Nef5 11. e3 Nxf3+ 12. Bxf3 O-O 13. O-O Rb8 14. Bb4 Be6 15. d3 a6 16. bxa6 bxa6 17. Qa4 Bd7 18. Qa3 Re8 19. Rfb1 Bf8 20. Qxa6 Qg5 21. Ne4 Qd8 22. Ba5 Rxb1+ 23. Rxb1 Qe7 24. Rb7 Kg7 25. Qa7 d5 26. Rxd7 Qa3 27. Rxf7+ Kg8 28. Nf6+ 1-0


[Site "https://www.chess.com"]

[Event "Titled Tuesday Blitz June 6 Late 2023"]
[White "Simonian, Hrair"]
[Black "Golubev, Mikhail"]
[WhiteFideId "13302337"]
[BlackFideId "14100983"]
[WhiteElo "2447"]
[BlackElo "2374"]
[Result "0-1"]
[Round "4"]
[TimeControl "180+2"]
[Date "2023.06.07"]
[WhiteClock "0:00:12"]
[BlackClock "0:01:07"]
[Board "46"]

1. e4 c5 2. Nc3 e6 3. Nf3 a6 4. g3 Nc6 5. Bg2 d6 6. O-O Nf6 7. d4 cxd4 8. Nxd4 Bd7 9. Re1 Be7 10. Nb3 O-O 11. g4 Bc8 12. g5 Nd7 13. f4 e5 14. Nd5 exf4 15. Nxe7+ Qxe7 16. Bxf4 Nde5 17. Qe2 Bg4 18. Qf2 Rac8 19. a3 f6 20. Qh4 fxg5 21. Bxg5 Qe6 22. Rf1 Nf3+ 23. Bxf3 Bxf3 24. Rae1 Rf7 25. Qg3 Rcf8 26. Re3 Bxe4 27. Rxf7 Rxf7 28. Nd2 d5 29. Nxe4 dxe4 30. c3 h6 31. Bf4 Qf5 0-1


[Site "https://www.chess.com"]